 Dungeon Crawl Stone Soup version 0.25-a0-464-g3004169c2b (webtiles) character file.

Game seed: 17346699660734442402, levelgen mode: deterministic

301 digijack the Caller (level 6, -4/50 HPs)
             Began as a Hill Orc Summoner on Feb 5, 2020.
             Was a Follower of Beogh.
             Slain by an iguana (7 damage)
             ... on level 5 of the Dungeon.
             The game lasted 00:22:12 (4983 turns).

digijack the Caller (Hill Orc Summoner)             Turns: 4983, Time: 00:22:13

Health: -4/50      AC:  6    Str: 13    XL:     6   Next: 37%
Magic:  7/9        EV: 11    Int: 17    God:    Beogh [*.....]
Gold:   218        SH:  0    Dex: 11    Spells: 7/10 levels left

rFire    . . .     SeeInvis .   f - +2 morningstar
rCold    . . .     Gourm    .   (no shield)
rNeg     + . .     Faith    .   k - +0 leather armour
rPois    .         Spirit   .   g - +1 helmet
rElec    .         Reflect  .   (no cloak)
rCorr    .         Harm     .   b - +0 pair of gloves
MR       .....                  (no boots)
Stlth    ++........             (no amulet)
HPRegen  0.16/turn              r - +2 ring of intelligence
MPRegen  0.11/turn              m - ring of positive energy

@: no status effects
A: no striking features
a: Renounce Religion


You were on level 5 of the Dungeon.
You worshipped Beogh.
Beogh was aware of your devotion.
You were not hungry.

You visited 1 branch of the dungeon, and saw 5 of its levels.

You collected 218 gold pieces.

Inventory:

Hand Weapons
 f - a +2 morningstar (weapon)
Missiles
 e - 88 stones (quivered)
Armour
 b - a +0 pair of gloves (worn)
 g - a +1 helmet (worn)
 k - a +0 leather armour (worn)
Jewellery
 m - a ring of positive energy (right hand)
 r - a +2 ring of intelligence (left hand)
Wands
 t - a wand of paralysis (10)
Scrolls
 a - a scroll of fear
 d - 2 scrolls of teleportation
 l - a scroll of immolation {unknown}
 p - 2 scrolls of fog
 q - a scroll of amnesia
Potions
 h - a potion of flight {unknown}
 i - 3 potions of heal wounds
 j - 3 potions of magic
 n - a potion of agility {unknown}
 o - a potion of lignification {unknown}
Comestibles
 c - 10 rations
 s - 2 chunks of flesh


   Skills:
 + Level 2.7 Fighting
 + Level 2.5 Maces & Flails
 + Level 2.5 Armour
 - Level 1.7 Dodging
 - Level 1.8 Stealth
 * Level 2.6 Spellcasting
 + Level 4.9 Summonings


You had 7 spell levels left.
You knew the following spells:

 Your Spells              Type           Power        Failure   Level  Hunger
a - Summon Small Mammal   Summ           ###.         3%          1    #......
b - Call Imp              Summ           ###.....     4%          2    ##.....

Your spell library contained the following spells:

 Spells                   Type           Power        Failure   Level  Hunger
 Call Canine Familiar     Summ           ###.....     9%          3    ###....
 Summon Guardian Golem    Hex/Summ       ##......     26%         3    ###....
 Summon Ice Beast         Ice/Summ       ##......     63%         4    #####..
 Summon Lightning Spire   Summ/Air       ##......     63%         4    #####..


Dungeon Overview and Level Annotations

Branches:
Dungeon (5/15)
 Temple: D:4-7

Altars:
Hepliaklqana
Okawaru
Sif Muna


Message History

You puncture the iguana!
The iguana is heavily wounded.
The iguana bites you. x2
You closely miss the iguana.
The iguana is heavily wounded.
The iguana bites you!
You hit the iguana.
The iguana is almost dead.
The iguana bites you!
You barely miss the iguana.
The iguana is almost dead.
The iguana bites you.
* * * LOW HITPOINT WARNING * * *
The iguana bites you!
* * * LOW HITPOINT WARNING * * *
Casting: Call Imp (safe; 4% risk of failure)
Confirm with . or Enter, or press ? or * to list all spells.
A beastly little devil appears in a puff of frigid air.
The iguana bites you!
You die...

#. ### #. .$# #. #.#
#####. + #.# #.....
..#.####.## ### #.....
.........#####.# #.....
#.5.........# #.....
#.l@...####.# #.....
#......####.###.....
.......................
#####.#.#.#########..#.
#.###.# ....#. #. ..#
#.#.## #. ... ..... ##
.#. #..# #...


You could see an iguana and a friendly white imp.

Vanquished Creatures
  2 hounds
  An orc priest (D:3)
  Terence (D:2)
  2 gnolls (D:4)
  5 adders
  A dart slug (D:4)
  A leopard gecko (D:4)
  2 orcs (D:3)
  4 giant cockroaches
  A goblin (D:1)
  3 jackals
  2 kobolds
  2 quokkas
  A ball python (D:4)
  3 bats
  4 frilled lizards
  3 rats
38 creatures vanquished.

Vanquished Creatures (collateral kills)
  A necrophage (D:3)
  A hound (D:4)
  2 gnolls (D:4)
  4 adders
  A dart slug (D:3)
  A leopard gecko (D:1)
  2 orcs (D:3)
  3 giant cockroaches
  4 goblins
  2 hobgoblins
  4 jackals
  4 kobolds
  A bat (D:2)
  3 frilled lizards
  3 rats (D:1)
36 creatures vanquished.

Vanquished Creatures (others)
  An adder (D:3)
  2 orcs (D:3)
3 creatures vanquished.

Grand Total: 77 creatures vanquished

Notes
Turn   | Place    | Note
-------+----------+-------------------------------------------
     0 | D:1      | digijack the Hill Orc Summoner began the quest for the Orb.
     0 | D:1      | Reached XP level 1. HP: 14/14 MP: 3/3
   459 | D:1      | Reached XP level 2. HP: 19/20 MP: 0/4
   678 | D:1      | Learned a level 2 spell: Call Imp
  1515 | D:2      | Noticed Terence
  2058 | D:2      | Killed Terence
  2058 | D:2      | Reached XP level 3. HP: 20/27 MP: 0/5
  2212 | D:2      | Reached skill level 1 in Fighting
  2285 | D:2      | Reached skill level 1 in Armour
  2298 | D:2      | Found a shimmering blue altar of Sif Muna.
  2465 | D:3      | Became a worshipper of Beogh the Brigand
  2502 | D:3      | Reached skill level 1 in Maces & Flails
  2607 | D:3      | Reached XP level 4. HP: 13/35 MP: 0/7
  3055 | D:3      | Noticed a necrophage
  3074 | D:3      | Killed a necrophage
  3074 | D:3      | Reached XP level 5. HP: 37/41 MP: 0/8
  4088 | D:4      | Reached * piety under Beogh
  4093 | D:4      | Reached XP level 6. HP: 29/50 MP: 1/9
  4558 | D:4      | Found an iron altar of Okawaru.
  4559 | D:4      | Found a hazy altar of Hepliaklqana.
  4691 | D:5      | Entered Level 5 of the Dungeon
  4983 | D:5      | Slain by an iguana

Levels and vault maps discovered:
D:1:      lordsloth_arrival_two_stooges, layout_basic, moated_statue
D:2:      layout_basic, marbit_many_paths, uniq_terence
D:3:      layout_loops_ring, gup_sewer_entry_glass
D:4:      layout_loops_ring, minitemple
D:5:      layout_basic, nicolae_overflow_hidden_temple, first_ration,
          trog_three_pillars_becter, uniq_pikel

Skill      XL: |  1  2  3  4  5 |
---------------+----------------+-----
Fighting       | 1 2 |  2.7
Armour         | 1 2 |  2.5
Spellcasting   | 2 |  2.6
Maces & Flails | 1 2 |  2.5
Dodging        | |  1.7
Stealth        | |  1.8
Summonings     | |  4.9

Action                   |  1- 3 |  4- 6 || total
-------------------------+-------+-------++-------
Melee: Unarmed           |     6 |       ||     6
       Morningstar       |    32 |   108 ||   140
       Club              |     4 |       ||     4
 Cast: Summon Small Mamm |    30 |     6 ||    36
       Call Imp          |    19 |    24 ||    43
Invok: Convert to Beogh  |     1 |       ||     1
  Use: Scroll            |     8 |     6 ||    14
       Potion            |     1 |     1 ||     2
 Stab: Sleeping          |     2 |     2 ||     4
       Distracted        |       |     1 ||     1
  Eat: Chunk             |     7 |    10 ||    17
Armor: Robe              |    24 |       ||    24
       Leather armour    |     6 |    59 ||    65
Dodge: Dodged            |    77 |    95 ||   172

Table legend:
 A = Non-vault XP
 B = Vault XP
 C = Vault XP percentage of total XP
 D = Non-vault monster count
 E = Vault monster count
 F = Vault count percentage of total count
                 A         B        C        D         E       F
            +---------+---------+-------+---------+---------+-------
      Total |     367 |      64 |  14.8 |      66 |       8 |  10.8
            +---------+---------+-------+---------+---------+-------
        D:1 |      21 |       0 |   0.0 |      20 |       0 |   0.0
        D:2 |      15 |      32 |  68.1 |       7 |       2 |  22.2
        D:3 |     122 |      32 |  20.8 |      17 |       6 |  26.1
        D:4 |     161 |       0 |   0.0 |      17 |       0 |   0.0
        D:5 |      48 |       0 |   0.0 |       5 |       0 |   0.0
            +---------+---------+-------+---------+---------+-------
